 Dungeon Crawl Stone Soup version 0.24.0-123-gd5b16e6ec5 (webtiles) character file.

Game seed: 7222076367965411222, levelgen mode: deterministic

1262 Emblim88 the Cudgeler (level 8, -3/118 HPs)
             Began as a Troll Berserker on Jan 13, 2020.
             Was an Elder of Trog.
             Killed by divine providence
             ... invoked by an orc priest
              (15 damage)
             ... on level 6 of the Dungeon.
             The game lasted 00:09:48 (4445 turns).

Emblim88 the Cudgeler (Troll Berserker)             Turns: 4445, Time: 00:09:49

Health: -3/118     AC: 24    Str: 28    XL:     8   Next: 27%
Magic:  8/8        EV:  1    Int:  3    God:    Trog [****..]
Gold:   292        SH:  0    Dex: 14    Spells: 7/7 levels left

rFire    . . .     SeeInvis .   x - +0 giant spiked club
rCold    . . .     Gourm    +   (shield currently unavailable)
rNeg     + + +     Faith    .   (armour currently unavailable)
rPois    +         Spirit   .   (helmet currently unavailable)
rElec    .         Reflect  .   (cloak currently unavailable)
rCorr    .         Harm     .   (gloves unavailable)
MR       .....     NoTele   +   (boots unavailable)
Stlth    ++........             i - amulet of the acrobat
HPRegen  0.69/turn              (no ring)
MPRegen  0.11/turn              (no ring)

@: agile, tree-form
A: large, unfitting armour, fast metabolism 3, gourmand, regeneration 1
a: Berserk, Trog's Hand, Brothers in Arms, Renounce Religion


You were on level 6 of the Dungeon.
You worshipped Trog.
Trog was greatly pleased with you.
You were not hungry.
You were a tree.
You visited 1 branch of the dungeon, and saw 6 of its levels.

You collected 292 gold pieces.

Inventory:

Hand Weapons
 r - a +4 quarterstaff of chaos
 v - a +1 spear of piercing
 x - a +0 giant spiked club (weapon)
 G - a +0 dire flail
Missiles
 H - 9 poisoned darts (quivered)
Armour
 b - a +0 animal skin (melded)
 p - a scarf of resistance (melded)
Jewellery
 i - an amulet of the acrobat (around neck)
Wands
 q - a wand of random effects (6)
 B - a wand of enslavement (1)
 D - a wand of acid (14)
 F - a wand of polymorph (11)
Scrolls
 d - 4 scrolls of magic mapping
 g - a scroll of identify
 h - 6 scrolls of teleportation
 k - a scroll of remove curse {unknown}
 l - 4 scrolls of fog {unknown}
 o - a scroll of enchant armour {unknown}
 s - a scroll of blinking {unknown}
 t - 2 scrolls of enchant weapon {unknown}
 u - a scroll of noise {unknown}
 w - 2 scrolls of fear {unknown}
 y - 2 scrolls of random uselessness {unknown}
 C - a scroll of silence {unknown}
 E - a scroll of amnesia {unknown}
Potions
 a - 2 potions of magic
 e - 2 potions of brilliance
 f - 2 potions of mutation
 j - a potion of agility
 m - 2 potions of lignification
 n - 2 potions of cancellation
 z - a potion of might
 A - a potion of flight
Comestibles
 c - 7 rations


   Skills:
 + Level 4.5 Fighting
 * Level 6.5 Maces & Flails
 + Level 4.5 Dodging
 + Level 2.6 Evocations


You had 7 spell levels left.
You didn't know any spells.
Your spell library was empty.

Dungeon Overview and Level Annotations

Branches:
Dungeon (6/15)             Temple (0/1) D:5

Altars:
Ashenzari
Dithmenos
Fedhas
Gozag
Hepliaklqana
Kikubaaqudgha
Okawaru
Trog
Xom


Innate Abilities, Weirdness & Mutations

You are too large for most types of armour.
((You have claws for hands.))
Your metabolism is lightning-fast.
You like to eat raw meat.
Your natural rate of healing is unusually fast.
((You are covered in fur. (AC +1)))
((You have extremely tough skin. (AC +3)))


Message History

You feel agile all of a sudden. The orc hits you but does no damage.
Something hits you but does no damage. The orc warrior completely misses you.
The orc priest hits you but does no damage.
The shadow imp hits you but does no damage.
You miss the orc priest. The orc hits you but does no damage.
Something hits you but does no damage.
The orc warrior hits you but does no damage.
The orc priest hits you but does no damage.
The shadow imp hits you but does no damage.
The orc hits you but does no damage. Something hits you but does no damage.
You miss something.
You feel less confused.
The orc warrior hits you from afar with a +0 trident.
* * * LOW HITPOINT WARNING * * *
The shadow imp hits you.
* * * LOW HITPOINT WARNING * * *
The orc priest calls down the wrath of Beogh upon you.
Beogh smites you!
You die...

..##..# #.....##.....#
#.#
......#####...(.##.....#
..#
##................######
###
#............#...#######
#......................#
#....#####.............#+
###### #...._...........
###....5..###....
#..o♣o...(# ...
####.{....+ .. #o.....#
#......# ...##### ....#
#..... #.!...


You could see an orc warrior, an orc priest, a shadow imp and an orc.

Vanquished Creatures
  Menkaure (D:4)
  2 orc warriors
  2 ogres (D:4)
  A scorpion (D:6)
  3 crimson imps
  A jelly (D:6)
  3 hounds
  An orc wizard (D:6)
  An orc priest (D:6)
  Crazy Yiuf (D:2)
  A bullfrog skeleton (D:4)
  Natasha (thrice) (D:4)
  4 worker ants
  A hound zombie (D:4)
  A hound skeleton (D:6)
  8 adders
  2 shadow imps
  2 oozes
  8 worms
  A dart slug (D:3)
  3 leopard geckos
  6 orcs
  6 giant cockroaches
  6 goblins
  4 hobgoblins
  5 jackals
  6 kobolds
  5 quokkas
  2 ball pythons
  6 bats
  7 frilled lizards
  A quokka skeleton (D:4)
  4 rats
108 creatures vanquished.

Notes
Turn   | Place    | Note
-------+----------+-------------------------------------------
     0 | D:1      | Emblim88 the Troll Berserker began the quest for the Orb.
     0 | D:1      | Reached XP level 1. HP: 22/22 MP: 0/0
    64 | D:1      | Reached skill level 3 in Maces & Flails
    76 | D:1      | Reached XP level 2. HP: 29/29 MP: 1/1
   677 | D:1      | Reached ** piety under Trog
   897 | D:2      | Reached XP level 3. HP: 36/36 MP: 2/2
  1158 | D:2      | Found a blossoming altar of Fedhas.
  1306 | D:2      | Found a runed translucent door.
  1307 | D:2      | Noticed Crazy Yiuf
  1567 | D:2      | Killed Crazy Yiuf
  1567 | D:2      | Reached XP level 4. HP: 38/45 MP: 3/3
  1704 | D:3      | Found a hazy altar of Hepliaklqana.
  1769 | D:3      | Reached skill level 4 in Maces & Flails
  1995 | D:3      | Found an iron altar of Okawaru.
  2012 | D:3      | Found an opulent altar of Gozag.
  2107 | D:3      | Reached XP level 5. HP: 42/53 MP: 4/4
  2214 | D:4      | Noticed Menkaure
  2214 | D:4      | Noticed Natasha
  2219 | D:4      | Killed Menkaure
  2223 | D:4      | Killed Natasha
  2223 | D:4      | Reached XP level 6. HP: 61/61 MP: 5/5
  2285 | D:4      | Reached skill level 1 in Evocations
  2329 | D:4      | Found a bloodstained altar of Trog.
  2356 | D:4      | Noticed Natasha
  2366 | D:4      | Killed Natasha
  2366 | D:4      | Reached skill level 5 in Maces & Flails
  2374 | D:4      | Noticed Natasha
  2380 | D:4      | Killed Natasha
  2506 | D:4      | Reached *** piety under Trog
  2506 | D:4      | Reached XP level 7. HP: 60/68 MP: 5/7
  2726 | D:4      | Found a shadowy altar of Dithmenos.
  3217 | D:5      | Entered Level 5 of the Dungeon
  3350 | D:5      | Found an ancient bone altar of Kikubaaqudgha.
  3577 | D:5      | Found a staircase to the Ecumenical Temple.
  3606 | D:5      | Found a shimmering altar of Xom.
  3862 | D:5      | Reached skill level 6 in Maces & Flails
  4194 | D:6      | Reached XP level 8. HP: 79/79 MP: 8/8
  4369 | D:6      | Reached **** piety under Trog
  4411 | D:6      | Found a shattered altar of Ashenzari.
  4445 | D:6      | Killed from afar by an orc priest

Levels and vault maps discovered:
D:1:      lightli_arrival_windingriver, layout_basic
D:2:      layout_basic, fedhas_altar_2, first_ration, uniq_crazy_yiuf_cottage
D:3:      layout_basic, overflow_temple_1_default, minitemple
D:4:      layout_basic, nicolae_overflow_hidden_temple, grunt_dithmenos_shadows,
          uniq_sigmund, uniq_menkaure, uniq_natasha
D:5:      layout_loops_corners, xom_teletrap_fun, kiku_gazebo_pond_becter,
          minmay_temple_entry_gardened_gates, kennysheep_another_room
D:6:      layout_basic, basic_altar

Skill      XL: |  1  2  3  4  5  6  7 |
---------------+----------------------+-----
Maces & Flails | 3 4 5 6 |  6.5
Fighting       | 3 4 |  4.5
Dodging        | 3 4 |  4.5
Evocations     | 1 2 |  2.6

Action                   |  1- 3 |  4- 6 |  7- 9 || total
-------------------------+-------+-------+-------++-------
Melee: Mace              |   169 |    95 |       ||   264
       Giant spiked club |       |    24 |   153 ||   177
Invok: Berserk           |       |     1 |     2 ||     3
  Use: Scroll            |       |       |     9 ||     9
       Potion            |       |       |     2 ||     2
 Stab: Sleeping          |       |       |     3 ||     3
  Eat: Chunk             |    17 |     9 |    17 ||    43
Armor: Animal skin       |    88 |    49 |    74 ||   211
       Skin              |       |       |    26 ||    26
Dodge: Dodged            |   127 |    74 |   142 ||   343
